 Dungeon Crawl Stone Soup version bcrawl-1.39.1 (webtiles) character file.

Game seed: 8218577064637616513

252789 kosoiffoigrumme1174 the Cutter (level 7, -2/40 HPs)
             Began as a Vine Stalker Chaos Knight on Aug 14, 2023.
             Was a Plaything of Xom.
             Slain by Edmund the polar bear (6 damage)
             ... on level 4 of the Dungeon.
             The game lasted 00:08:19 (3037 turns).

kosoiffoigrumme1174 the Cutter (VSCK)               Turns: 3037, Time: 00:08:20

Health: -2/40      AC:  8    Str: 20 (21) XL:     7   Next: 52%
Magic:  8/8        EV: 11    Int: 12      God:    Xom [*.....]
Gold:   225        SH:  4    Dex: 16      Spells: 6/6 levels left

rFire    . . .     GDR:     28% a - +3 dagger
rCold    . . .     SeeInvis +   o - +0 buckler
rNeg     . . .     Gourm    .   n - +2 leather armour
rPois    .         Faith    .   (no helmet)
rElec    .         Spirit   .   (no cloak)
rCorr    .         Reflect  .   (no gloves)
MR       .....                  r - +2 pair of boots {Stlth++}
Stlth    +++++.....             (no amulet)
HPRegen  0.56/turn              d - ring of see invisible
MPRegen  0.11/turn              s - +7 ring of strength

@: lethally poisoned (-2 -> -2), about to teleport
A: fangs 3, regeneration 1, no potion heal 3, rot immunity, strong jaws
a: Renounce Religion


You were on level 4 of the Dungeon.
You worshipped Xom.
You were a special plaything of Xom.
You were very hungry.

You visited 1 branch of the dungeon, and saw 4 of its levels.

You collected 225 gold pieces.

Inventory:

Hand Weapons
 a - a +3 dagger (weapon)
 b - a +0 hunting sling
Missiles
 f - 920 stones (quivered)
 z - 156 sling bullets
Armour
 n - a +2 leather armour (worn)
 o - a +0 buckler (worn)
 r - a +2 pair of boots of stealth (worn)
 x - a +0 pair of gloves
Jewellery
 d - a ring of see invisible (left hand)
 s - a +7 ring of strength (right hand)
Wands
 A - a wand of polymorph (8)
Scrolls
 c - a scroll of teleportation
 k - 2 scrolls of remove curse
 l - a scroll of noise {unknown}
 m - a scroll of fog
 p - 2 scrolls of immolation
 v - 2 scrolls of revelation {unknown}
Potions
 g - a potion of heal wounds {unknown}
 h - 2 potions of curing
 q - a potion of cancellation {unknown}
 t - a potion of berserk rage {unknown}
 u - a potion of mutation {unknown}
 w - a potion of might {unknown}
 B - a potion of ambrosia {unknown}
Comestibles
 e - 10 rations {!d}


   Skills:
 - Level 2.6 Fighting
 + Level 6.4 Short Blades
   Level 2.6 Axes
 - Level 0.7 Armour
 - Level 2.1 Dodging
 - Level 4.7 Stealth


You had 6 spell levels left.
You didn't know any spells.
Your spell library was empty.

Dungeon Overview and Level Annotations

Branches:
Dungeon (4/12)
 Temple: D:4-7

Altars:

Annotations:
D:4 Edmund


Innate Abilities, Weirdness & Mutations

You have razor-sharp teeth.
Your natural rate of healing is unusually fast.
Potions cannot restore your health.
You are immune to rotting.
Your bites deal extra damage.


Message History

You hit Edmund.
Edmund is severely wounded.
Edmund goes berserk!
Xom is highly amused!
You barely miss Edmund. You bite Edmund, but do no damage.
Edmund is severely wounded.
Edmund bites you!!
Ouch! That really hurt!
* * * LOW HITPOINT WARNING * * *
Edmund claws you but does no damage. Edmund barely misses you.
You feel sick.
Press: ? - help, v - describe, . - travel Unknown command.
Unknown command.
Unknown command.
Unknown command.
As you read the scroll of teleportation, it crumbles to dust.
You feel strangely unstable. Edmund bites you.
You die...
Xom chuckles heartily!

#######.#.######.#
#### #..........#
..[# ###.######.#
..#######.#
###'#####
..........#
#.......#
#.#########
#.......# #.#
#.......#
#.#######
###.#####
รท.......# #@#
#.#####.. #h# #.#
#..(..).# #.#
#.......# ..#
#.......# ###
#..!....#
#...?...#
.........#
#.####...#


You could see Edmund the polar bear (berserk).

Vanquished Creatures
  Sigmund (D:3)
  An ogre (D:3)
  2 crimson imps (D:4)
  Ijyb (D:3)
  Terence (D:3)
  A worker ant (D:4)
  A gnoll (D:2)
  3 adders
  An ooze (D:1)
  An adder skeleton (D:3)
  4 worms
  A dart slug (D:1)
  A leopard gecko (D:3)
  2 orcs
  3 giant cockroaches
  4 goblins
  12 hobgoblins
  13 jackals
  4 quokkas
  2 bats
  A frilled lizard (D:3)
  7 kobolds
  A quokka skeleton (D:4)
  5 rats
73 creatures vanquished.

Vanquished Creatures (collateral kills)
  A yak (shapeshifter) (D:4)
1 creature vanquished.

Vanquished Creatures (others)
  2 gnolls (D:2)
2 creatures vanquished.

Grand Total: 76 creatures vanquished

Notes
Turn   | Place    | Note
-------+----------+-------------------------------------------
     0 | D:1      | kosoiffoigrumme1174 the Vine Stalker Chaos Knight began the
                  | quest for the Orb.
     0 | D:1      | Reached XP level 1. HP: 13/13 MP: 2/2
    47 | D:1      | Reached skill level 1 in Stealth
    51 | D:1      | Reached XP level 2. HP: 18/18 MP: 3/3
   679 | D:1      | XOM: divination: detect items
   713 | D:1      | XOM: torment (10/18 hp)
   851 | D:1      | XOM: mild Conj miscast
  1079 | D:2      | XOM: cleaving
  1103 | D:2      | XOM: destruction
  1104 | D:2      | Reached XP level 3. HP: 22/22 MP: 4/4
  1302 | D:2      | XOM: god gift: pair of embroidered boots {god gift}
  1426 | D:2      | XOM: cloud trail
  1464 | D:2      | Identified the cursed ring of the Prince {Ice rElec}
  1469 | D:2      | XOM: butterfly on damage
  1576 | D:2      | XOM: cloud trail
  1589 | D:2      | Reached XP level 4. HP: 27/27 MP: 5/5
  1592 | D:2      | Reached skill level 1 in Short Blades
  1632 | D:2      | XOM: confuse monster(s)
  1825 | D:2      | XOM: medium Ice miscast
  1940 | D:3      | Noticed Sigmund
  2043 | D:3      | Reached skill level 2 in Short Blades
  2095 | D:3      | Noticed Terence
  2118 | D:3      | Killed Terence
  2119 | D:3      | Reached XP level 5. HP: 30/31 MP: 6/6
  2207 | D:3      | Noticed an ogre
  2209 | D:3      | XOM: mild Ice miscast
  2220 | D:3      | Killed an ogre
  2221 | D:3      | Reached skill level 3 in Short Blades
  2402 | D:3      | Noticed Ijyb
  2409 | D:3      | Killed Ijyb
  2410 | D:3      | Reached skill level 4 in Short Blades
  2410 | D:3      | Gained mutation: You have razor-sharp teeth. [Vine Stalker
                  | growth]
  2410 | D:3      | Reached XP level 6. HP: 36/36 MP: 7/7
  2721 | D:3      | Killed Sigmund
  2722 | D:3      | Reached skill level 5 in Short Blades
  2819 | D:4      | Noticed a black bear
  2819 | D:4      | an iguana changed into a black bear
  2819 | D:4      | XOM: polymorph iguana -> black bear
  2823 | D:4      | Noticed a rime drake
  2823 | D:4      | a black bear changed into a rime drake
  2826 | D:4      | Noticed a naga
  2826 | D:4      | a rime drake changed into a naga
  2836 | D:4      | Noticed a hornet
  2836 | D:4      | a naga changed into a hornet
  2838 | D:4      | Noticed a soldier ant
  2838 | D:4      | a hornet changed into a soldier ant
  2842 | D:4      | XOM: summons 3 friendly demons
  2847 | D:4      | Noticed a crocodile
  2849 | D:4      | Noticed a golden eye
  2849 | D:4      | a crocodile changed into a golden eye
  2851 | D:4      | Noticed an unseen horror
  2851 | D:4      | a golden eye changed into an unseen horror
  2852 | D:4      | Noticed a yak
  2852 | D:4      | an unseen horror changed into a yak
  2854 | D:4      | Killed a yak
  2855 | D:4      | Reached XP level 7. HP: 40/40 MP: 8/8
  2967 | D:4      | Noticed Edmund
  2979 | D:4      | Reached skill level 6 in Short Blades
  2983 | D:4      | XOM: stat loss: -1 Str (20/21)
  2998 | D:4      | Noticed Edmund
  2998 | D:4      | Edmund changed into Edmund the polar bear
  2998 | D:4      | XOM: polymorph Edmund -> Edmund the polar bear
  3008 | D:4      | XOM: mild Pois miscast
  3037 | D:4      | Slain by Edmund the polar bear

Skill      XL: |  1  2  3  4  5  6  7 |
---------------+----------------------+-----
Stealth        | 2 4 |  4.7
Short Blades   | 2 4 5 6 |  6.4
Fighting       | |  2.6
Axes           | |  2.6
Armour         | |  0.7
Dodging        | |  2.1

Action                   |  1- 3 |  4- 6 |  7- 9 || total
-------------------------+-------+-------+-------++-------
Melee: Hand axe          |    65 |     3 |       ||    68
       Bite              |     2 |    13 |     5 ||    20
       Dagger            |       |   117 |    65 ||   182
 Fire: Hunting sling     |    56 |    46 |       ||   102
  Use: Scroll            |       |     4 |     1 ||     5
 Stab: Sleeping          |     1 |     4 |       ||     5
       Paralysed         |     1 |       |       ||     1
       Confused          |       |     1 |       ||     1
  Eat: Chunk             |     5 |     8 |     1 ||    14
Armor: Leather armour    |    37 |    42 |    29 ||   108
Dodge: Dodged            |    39 |    71 |    28 ||   138
Block: Buckler           |    14 |    17 |    10 ||    41
